 Dungeon Crawl Stone Soup version 0.22.0-27-ga576289601 (webtiles) character file.

1080 Rrauwl the Chopper (level 8, -17/64 HPs)
             Began as a Formicid Berserker on Aug 22, 2018.
             Was a Priest of Trog.
             Demolished by Menkaure (21 damage)
             ... on level 6 of the Dungeon.
             The game lasted 00:09:04 (5620 turns).

Rrauwl the Chopper (Formicid Berserker)             Turns: 5620, Time: 00:09:05

Health: -17/64     AC:  9    Str: 27    XL:     8   Next: 55%
Magic:  8/8        EV:  9    Int:  8    God:    Trog [***...]
Gold:   259        SH:  0    Dex: 10    Spells: 7/7 levels left

rFire    . . .     SeeInvis +   a - +0 hand axe
rCold    . . .     Gourm    .   (no shield)
rNeg     . . .     Faith    .   c - +0 chain mail
rPois    .         Spirit   .   (helmet unavailable)
rElec    .         Reflect  .   (no cloak)
rCorr    .         Harm     .   (no gloves)
MR       .....                  (no boots)
Stlth    ..........             (no amulet)
HPRegen  0.20/turn              o - ring of see invisible
MPRegen  0.11/turn              y - +4 ring of strength

@: no status effects
A: permanent stasis, dig shafts and tunnels, four strong arms, antennae 3
a: Dig, Shaft Self, Trog's Hand, Renounce Religion


You were on level 6 of the Dungeon.
You worshipped Trog.
Trog was most pleased with you.
You were not hungry.

You visited 1 branch of the dungeon, and saw 6 of its levels.

You collected 259 gold pieces.

Inventory:

Hand Weapons
 a - a +0 hand axe (weapon)
Armour
 c - a +0 chain mail (worn)
Jewellery
 o - a ring of see invisible (left hand)
 y - a +4 ring of strength (right hand)
Wands
 v - a wand of clouds (5)
 x - a wand of flame (48)
 z - a wand of polymorph (14)
Scrolls
 d - 7 scrolls of identify {unknown}
 f - 3 scrolls of teleportation {unknown}
 i - 2 scrolls of magic mapping {unknown}
 j - a scroll of fog {unknown}
 q - 2 scrolls of remove curse {unknown}
 u - 2 scrolls of immolation {unknown}
Potions
 b - 2 potions of agility {unknown}
 g - a potion of might {unknown}
 h - 4 potions of lignification {unknown}
 k - 2 potions of ambrosia {unknown}
 l - a potion of resistance {unknown}
 n - 2 potions of degeneration {unknown}
 p - a potion of berserk rage {unknown}
 r - 2 potions of flight {unknown}
 s - 3 potions of brilliance {unknown}
 t - a potion of heal wounds {unknown}
 w - a potion of mutation {unknown}
Comestibles
 e - 7 rations
 m - 6 chunks of flesh


   Skills:
 + Level 5.9 Fighting
 + Level 7.0 Axes
 + Level 5.3 Armour
 - Level 3.0 Dodging
 - Level 1.0 Stealth


You had 7 spell levels left.
You didn't know any spells.
Your spell library was empty.

Dungeon Overview and Level Annotations

Branches:
Dungeon (6/15)
 Temple: D:4-7

Altars:
Dithmenos
Gozag
Okawaru
Qazlal
Ru
Uskayaw
Vehumet
Zin
The Shining One

Annotations:
D:6 Menkaure


Innate Abilities, Weirdness & Mutations

You cannot be hasted, slowed, berserked, paralysed or teleported.
You can dig through walls and to a lower floor.
Your four strong arms can wield two-handed weapons with a shield.
You have a pair of large antennae on your head. (SInv)


Message History

Menkaure hits you!!
You barely miss Menkaure.
Menkaure is moderately damaged.
Menkaure closely misses you.
You hit Menkaure.
Menkaure is heavily damaged.
Menkaure hits you.
* * * LOW HITPOINT WARNING * * *
You hit Menkaure.
Menkaure is severely damaged.
Menkaure hits you but does no damage.
Menkaure gestures at you while chanting.
Pain shoots through your body!
* * * LOW HITPOINT WARNING * * *
Evoke which item? (* to show all) (? for menu, Esc to quit)
Aiming: Cloud Cone
Press: ? - help, Dir - move target cursor, f - Menkaure
Aim: Menkaure (severely damaged, fast)
You create a blast of noxious fumes!
Menkaure hits you!!
You die...

#.####...........
.# #..<####..(.
..##.#.........
.......###.######
##.#.##.#..######
............?..
........[..######
#.#..?###..# .
..# #@.# .
#..!M.....#
#...§§§###.#
......§§§#
...##§#§§§ ##
#.##... #. ..# ..
..#


You could see Menkaure.

Vanquished Creatures
  Prince Ribbit (D:4)
  An ice beast (D:5)
  A sky beast (D:5)
  A big kobold (D:3)
  A water moccasin skeleton (D:5)
  A scorpion (D:5)
  A howler monkey (D:4)
  A centaur skeleton (D:5)
  2 orc priests
  4 orc wizards
  Jessica (D:3)
  3 gnolls (D:4)
  7 adders
  A shadow imp (D:5)
  An ooze (D:2)
  6 worms
  2 leopard geckos
  11 orcs
  6 bats
  8 giant cockroaches
  12 hobgoblins
  10 jackals
  2 quokkas (D:2)
  2 ball pythons (D:4)
  7 frilled lizards
  8 goblins
  A jackal skeleton (D:4)
  15 kobolds
  8 rats
125 creatures vanquished.

Vanquished Creatures (others)
  Blork the orc (D:4)
1 creature vanquished.

Grand Total: 126 creatures vanquished

Notes
Turn   | Place    | Note
-------+----------+-------------------------------------------
     0 | D:1      | Rrauwl the Formicid Berserker began the quest for the Orb.
     0 | D:1      | Reached XP level 1. HP: 18/18 MP: 1/1
    63 | D:1      | Reached XP level 2. HP: 13/24 MP: 2/2
   599 | D:1      | Reached XP level 3. HP: 29/29 MP: 3/3
   740 | D:1      | Reached ** piety under Trog
  1060 | D:2      | Reached XP level 4. HP: 34/37 MP: 4/4
  1111 | D:2      | Found a sacrificial altar of Ru.
  1129 | D:2      | Reached skill level 4 in Axes
  1552 | D:2      | Found an opulent altar of Gozag.
  1952 | D:3      | Reached XP level 5. HP: 37/42 MP: 5/5
  2080 | D:3      | Reached *** piety under Trog
  2325 | D:3      | Noticed a big kobold
  2348 | D:3      | Killed a big kobold
  2348 | D:3      | Reached skill level 5 in Axes
  2348 | D:3      | Reached XP level 6. HP: 44/49 MP: 6/6
  2476 | D:3      | Noticed Jessica
  2488 | D:3      | Killed Jessica
  3065 | D:4      | Found a radiant altar of Vehumet.
  3118 | D:4      | Found a glowing golden altar of the Shining One.
  3207 | D:4      | Noticed Blork the orc
  3220 | D:4      | Killed Blork the orc
  3220 | D:4      | Reached XP level 7. HP: 21/55 MP: 7/7
  3858 | D:5      | Entered Level 5 of the Dungeon
  3858 | D:5      | Noticed Prince Ribbit
  3933 | D:4      | Killed Prince Ribbit
  3933 | D:4      | Reached skill level 5 in Fighting
  3933 | D:4      | Reached skill level 6 in Axes
  4426 | D:5      | Found an iron altar of Okawaru.
  4427 | D:5      | Found a shadowy altar of Dithmenos.
  4427 | D:5      | Found a stormy altar of Qazlal.
  4428 | D:5      | Found a hide-covered altar of Uskayaw.
  4560 | D:5      | Reached XP level 8. HP: 51/63 MP: 8/8
  4617 | D:5      | Reached skill level 5 in Armour
  4938 | D:5      | Found a glowing silver altar of Zin.
  5308 | D:5      | Reached skill level 1 in Stealth
  5590 | D:6      | Reached skill level 7 in Axes
  5609 | D:6      | Noticed Menkaure
  5619 | D:6      | HP: 3/64 [Menkaure/nerve-wracking pain (11)]
  5620 | D:6      | Demolished by Menkaure

Skill      XL: |  1  2  3  4  5  6  7  8 |
---------------+-------------------------+-----
Dodging        | 2 3 |  3.0
Axes           | 4 5 6 7 |  7.0
Fighting       | 4 5 |  5.9
Armour         | 3 4 5 |  5.3
Stealth        | 1 |  1.0

Action                   |  1- 3 |  4- 6 |  7- 9 || total
-------------------------+-------+-------+-------++-------
Melee: Hand axe          |   113 |   283 |   214 ||   610
Invok: Trog's Hand       |       |     1 |     3 ||     4
Evoke: Wand              |       |       |     2 ||     2
  Eat: Chunk             |     1 |     6 |     4 ||    11
       Ration            |       |       |     2 ||     2
Armor: Animal skin       |    11 |       |       ||    11
       Chain mail        |    48 |   151 |   108 ||   307
Dodge: Dodged            |    46 |   112 |    97 ||   255
